 Dungeon Crawl Stone Soup version 0.17-a0-1572-g7a1422d (webtiles) character file.

489889 urechis the Brawler (level 23, -17/241 HPs)
             Began as a Troll Monk on July 24, 2015.
             Was the Champion of Jiyva.
             Demolished by a stone giant (28 damage)
             ... on level 5 of the Vaults.
             The game lasted 06:33:46 (55571 turns).

urechis the Brawler (Troll Monk)                   Turns: 55571, Time: 06:33:47

Health: -17/241    AC: 32    Str: 31    XL:     23   Next: 57%
Magic:  0/22       EV: 18    Int:  9    God:    Jiyva [******]
Gold:   5853       SH: 14    Dex: 19    Spells: 0 memorised, 22 levels left

rFire  + . .     SeeInvis .       - Unarmed
rCold  . . .     Clarity  .     I - +2 gold dragon armour
rNeg   . . .     SustAt   .     Q - +1 shield {reflect}
rPois  +         Gourm    +     (helmet restricted)
rElec  +         Spirit   +     w - +0 cloak {MR+}
rCorr  +         Warding  .     (gloves unavailable)
rMut   .         Stasis   .     (boots unavailable)
MR     ++...                    y - amulet of guardian spirit
Stlth  ..........               u - +4 ring of protection
                                n - ring "Ofamexti" {rC- AC+3 Dex+5}

@: agile, very resistant to hostile enchantments, extremely unstealthy
A: unfitting armour, claws 3, fangs 1, rough black scales 1, blink 1, fast
metabolism 3, gourmand, sense surroundings 2, poison resistance, regeneration 2,
shaggy fur 1, electricity resistance, tough skin 2, wild magic 1, pseudopods 2,
translucent skin 2
a: Blink, Request Jelly, Jelly Paralyse, Slimify, Cure Bad Mutation, Renounce
Religion
}: 3/15 runes: serpentine, barnacled, slimy


You were on level 5 of the Vaults.
You worshipped Jiyva.
Jiyva was exalted by your worship.
You were full.

You visited 10 branches of the dungeon, and saw 54 of its levels.
You also visited: Sewer, Bailey and Volcano.

You collected 5958 gold pieces.
You spent 105 gold pieces at shops.

Inventory:

Missiles
 v - 132 large rocks (quivered)
Armour
 a - a +1 large shield of positive energy
 w - a +0 cloak of magic resistance (worn)
 I - a +2 gold dragon armour (worn)
 Q - a +1 shield of reflection (worn)
Jewellery
 e - an uncursed amulet of warding
 n - the ring "Ofamexti" (left claw) {rC- AC+3 Dex+5}
   (You found it on level 4 of the Lair of Beasts)

   [ring of protection]

   It affects your AC (+3).
   It affects your dexterity (+5).
   It makes you vulnerable to cold.
 p - an uncursed ring of protection from fire
 q - an uncursed ring of protection from cold
 u - a +4 ring of protection (right claw)
 y - an amulet of guardian spirit (around neck)
 H - the ring of Kanatsud {Ice rElec Dex+3}
   (You took it off a vampire knight on level 2 of the Depths)

   [ring of ice]

   It enhances your ice magic, and weakens your fire magic.
   It affects your dexterity (+3).
   It makes you vulnerable to fire.
   It protects you from cold.
   It insulates you from electricity.
Magical devices
 l - a wand of teleportation (6)
 r - a wand of digging (11)
 C - a wand of heal wounds (0)
 K - a wand of disintegration (10)
 P - a wand of polymorph (7)
Scrolls
 f - 17 scrolls of remove curse
 j - 3 scrolls of fog
 m - 4 scrolls of recharging
 o - 14 scrolls of teleportation
 t - 4 scrolls of magic mapping
 A - 6 scrolls of blinking
 E - 2 scrolls of silence
 G - 5 scrolls of identify
 J - a scroll of fear
 R - 2 scrolls of summoning
Potions
 d - 4 potions of resistance
 h - 5 potions of flight
 i - 11 potions of curing
 k - 4 potions of haste
 s - a potion of agility
 D - a potion of berserk rage
 L - 6 potions of might
 M - a potion of heal wounds
 S - a potion of invisibility
Miscellaneous
 z - a legendary deck of changes {the Potion}
 F - a legendary deck of defence {the Alchemist}
Comestibles
 b - 14 bread rations
 c - 12 slices of pizza
 g - 2 royal jellies
 x - 16 meat rations
 B - 11 beef jerkies
 N - 12 fruits


   Skills:
 + Level 16.6 Fighting
 - Level 15.0 Throwing
 + Level 16.1 Armour
 - Level 15.0 Dodging
 - Level 1.1 Stealth
 - Level 9.0 Shields
 * Level 20.9 Unarmed Combat


You had 22 spell levels left.
You didn't know any spells.

Dungeon Overview and Level Annotations

Branches:
Dungeon (15/15)            Temple (1/1) D:7            Lair (8/8) D:8
 Shoals (4/4) Lair:6        Snake (4/4) Lair:6        Slime (6/6) Lair:7
    Orc (4/4) D:12            Elf (2/3) Orc:4        Vaults (5/5) D:13
 Depths (5/5) D:15            Zot (0/5) Depths:5
  Crypt: Vaults:2-3

Altars:
Ashenzari
Cheibriados
Dithmenos
Elyvilon
Fedhas
Gozag
Kikubaaqudgha
Makhleb
Nemelex Xobeh
Okawaru
Qazlal
Ru
Sif Muna
Trog
Vehumet
Xom
Yredelemnul
Zin
The Shining One
Beogh
Jiyva
Lugonu

Shops:
D:4 ?   D:9 (   D:11 (   Orc:3 *   Orc:4 ?[(%   Elf:2 }   Depths:4 *[!

Portals:
Hell: Depths:1 Depths:2 Depths:3 Depths:4 Depths:5
Abyss: Depths:1 Depths:4 Depths:5
Pandemonium: Depths:3
Ziggurat: Depths:1

Annotations:
Slime:6 Royal Jelly


Innate Abilities, Weirdness & Mutations

You are too large for most types of armour.
You have claws for hands.
Your metabolism is lightning-fast.
You like to eat raw meat.
You heal very quickly.
You are covered in fur (AC +1).
You have very tough skin (AC +2).
You have very sharp teeth.
You are partially covered in rough black scales (AC +4, Dex -1).
You can translocate small distances at will.
You passively map the area around you.
Your system is resistant to poisons.
You are resistant to electric shocks.
Your spells are a little harder to cast, but a little more powerful.
Armour fits poorly on your large pseudopods.
Your skin is mostly translucent (Stealth, -foe acc).


Message History

* * * LOW HITPOINT WARNING * * *
The vault warden hits you with a war axe.
* * * LOW HITPOINT WARNING * * *
The stone giant hits you!!
* * * LOW HITPOINT WARNING * * *
The stone giant hits you but does no damage.
Evoke which item? (* to show all) (? for menu, Esc to quit)
Zapping:
C - a wand of heal wounds (1)
Press: ? - help, Shift-Dir - straight line, f - you You feel much better.
This wand has 0 charges left.
The fire giant hits you with a great sword of flaming!!
* * * LOW HITPOINT WARNING * * *
The fire giant burns you.
* * * LOW HITPOINT WARNING * * *
The vault warden hits you with a great mace!!
* * * LOW HITPOINT WARNING * * *
The stone giant barely misses you.
The vault warden hits you but does no damage.
The stone giant hits you!!
You die...

* * *, ,
,*.....#....# (.#,*,
, **.....#....#....
* .((.#....#...#, ,
, , ,,,
,..........(. , , *
*#####.....(..###***
** , ,
,.......eO)...... ,
, ,
,.....O(CpT....(.,,,
, .O...cC@Cc<..... ,
, .....43epW......,,
, *#####.ccCS...###*
,,,,,
...(........... , ,,
* .##..#....#....,
,* , ##(#....#....,
* , ,* *
#(#....#,..., ,,, ,
..#....# ,..** , **
* #....# , *


You could see a fire giant, 3 stone giants, 2 vault wardens, a yaktaur captain,
a deep elf sorcerer, an anaconda, an ogre mage, a deep troll, a deep elf knight,
a phantasmal warrior, 3 yaktaurs, a rust devil, a two-headed ogre, a ynoxinul
and an ogre.

Vanquished Creatures
  Boris (Vaults:2)
  Margery (Depths:5)
  Vashnia (Snake:2)
  Nikola (Snake:2)
  Jory (Depths:2)
  2 golden dragons
  Jorgrun (Snake:2)
  5 tentacled monstrosities
  4 titans
  A lich (Depths:2)
  A kraken (Shoals:4)
  An eldritch tentacle (Vaults:1)
  Agnes (Elf:1)
  A storm dragon (Depths:4)
  A sphinx (Vaults:4)
  Frances (Snake:1)
  2 tengu reavers
  5 frost giants
  10 greater nagas (Snake:4)
  Ilsuiw (Shoals:3)
  Wiglaf (Vaults:2)
  Donald (Elf:1)
  An iron dragon (Vaults:1)
  6 fire giants
  Maud (D:10)
  Aizul (Snake:2)
  2 draconian zealots (Depths:5)
  2 deep elf sorcerers (Vaults:4)
  3 orc warlords
  4 vault wardens
  A ghoul (Vaults:2)
  2 ghost moths (Depths:2)
  A spriggan defender (Depths:3)
  25 stone giants
  15 ironheart preservers
  12 very ugly things
  Nessos (Orc:4)
  9 vampire knights
  A salamander stormcaller (Vaults:3)
  A deep elf demonologist (Elf:2)
  Azrael (Orc:4)
  2 mottled draconians
  17 ettins
  3 deep elf annihilators
  The ghost of Yermak the Thaumaturge, a powerful FeSu of Sif Muna (Snake:4)
  5 merfolk javelineers (Shoals:4)
  A deep elf death mage (Vaults:4)
  9 merfolk impalers
  14 fire dragons
  A mummy priest (Depths:4)
  Josephine (D:15)
  29 vault guards
  A deep elf high priest (Elf:1)
  A rakshasa (Depths:1)
  9 yaktaur captains
  2 jiangshi (Depths:3)
  Fannar (Orc:2)
  Harold (D:10)
  15 naga warriors
  3 entropy weavers
  7 centaur warriors
  9 ice dragons
  5 spriggan air magi
  Erolcha (D:10)
  5 merfolk aquamancers
  2 alligator snapping turtles
  10 anacondas
  2 merfolk avatars
  11 dancing weapons (Elf:2)
  11 ogre magi
  7 deep troll shamans
  2 catoblepae
  5 vampire magi
  3 spriggan berserkers (Depths:5)
  8 naga sharpshooters
  4 orc high priests
  5 shock serpents
  3 satyrs
  14 tengu warriors
  Urug (Lair:1)
  2 small abominations
  2 spriggans
  8 deep troll earth magi
  14 hell knights
  10 deep elf knights
  Sonja (Orc:2)
  9 shadow wraiths
  5 fire crabs
  A salamander mystic (Snake:3)
  10 skeletal warriors
  27 sea snakes
  A death drake (Vaults:1)
  5 iron trolls
  8 wizards
  2 unseen horrors
  6 flayed ghosts
  4 naga ritualists
  9 deep elf summoners
  29 deep trolls
  5 necromancers
  A swamp dragon (shapeshifter) (Vaults:4)
  9 phantasmal warriors
  14 ironbrand convokers
  3 hill giants
  A lindwurm (shapeshifter) (Elf:1)
  Pikel (D:9)
  4 lindwurms (Lair:7)
  A harpy (shapeshifter) (Depths:3)
  19 orc knights
  48 ugly things
  11 deep elf conjurers
  A human zombie (Vaults:3)
  6 water nymphs
  9 mana vipers
  2 wolf spiders
  9 fauns
  A wolf spider zombie (D:13)
  18 harpies
  8 manticores
  A hornet (shapeshifter) (Vaults:3)
  14 cyclopes
  A faun (shapeshifter) (Vaults:4)
  14 griffons
  2 hornets
  5 salamanders
  A salamander (shapeshifter) (Vaults:4)
  6 elephants (Lair:3)
  40 black mambas
  12 orc sorcerers
  2 guardian serpents (shapeshifter)
  10 vault sentinels
  14 naga magi
  4 guardian serpents
  Maurice (Orc:2)
  A spiny frog (shapeshifter) (Depths:1)
  13 sirens
  A cyclops (shapeshifter) (Vaults:3)
  2 gargoyles (Depths:4)
  29 spiny frogs
  5 kobold demonologists
  39 yaktaurs
  2 centaur skeletons
  12 komodo dragons
  A fire drake (shapeshifter) (Vaults:1)
  An elf (Depths:4)
  An efreet (D:13)
  4 freezing wraiths
  6 tengu conjurers
  8 trolls
  8 fire drakes
  2 jumping spiders (shapeshifter)
  2 yaktaur skeletons (Vaults:3)
  13 deep elf priests
  19 two-headed ogres
  2 giant leeches (Lair:8)
  A blink frog (shapeshifter) (Vaults:1)
  28 merfolk
  6 jumping spiders
  3 polar bears
  A stone giant simulacrum (Vaults:3)
  4 wind drakes
  5 boulder beetles
  7 snapping turtles
  A centaur simulacrum (D:14)
  8 redbacks
  34 blink frogs
  A snapping turtle (shapeshifter) (Depths:4)
  20 water elementals
  A trapdoor spider (D:13)
  A flying skull (Vaults:2)
  58 yaks
  A human (shapeshifter) (Vaults:4)
  23 deep elf fighters
  6 basilisks
  3 fire bats (Orc:1)
  9 shadows
  5 air elementals
  2 vampires (Depths:4)
  2 tarantellas
  13 hippogriffs
  3 wyverns
  2 hogs (shapeshifter) (Vaults:3)
  Grum (D:9)
  28 vampire mosquitoes
  14 deep elf magi
  8 wraiths
  3 hungry ghosts
  23 wolves
  3 fire elementals (Orc:4)
  50 nagas
  2 spatial vortices (Vaults:1)
  A human (Depths:4)
  An insubstantial wisp (Vaults:1)
  14 wargs
  3 hell hounds
  5 sky beasts
  A soldier ant (shapeshifter) (Vaults:2)
  2 soldier ants (D:13)
  13 water moccasins
  An ice beast (D:15)
  11 porcupines
  Duvessa (D:5)
  54 orc warriors
  A wasp (shapeshifter) (Vaults:2)
  42 ogres
  A black bear (D:6)
  6 phantoms
  A necrophage (D:8)
  A centaur (shapeshifter) (Depths:3)
  24 centaurs
  6 wasps
  14 boggarts
  9 crocodiles
  7 big kobolds
  2 earth elementals (Vaults:1)
  A giant frog (shapeshifter) (Vaults:4)
  A brain worm (D:14)
  Dowan (D:5)
  35 giant frogs
  A gnoll sergeant (D:7)
  19 killer bees
  A water moccasin skeleton (D:8)
  4 scorpions
  11 wights
  2 spectral wolves (Depths:4)
  3 electric eels
  6 crimson imps
  2 quasits
  3 centaur zombies
  3 lava snakes (Lair:5)
  7 hounds
  42 orc wizards
  A giant frog skeleton (D:10)
  25 orc priests
  15 iguanas
  4 jellies
  5 worker ants
  A boulder beetle simulacrum (Vaults:4)
  27 sheep
  The ghost of PoiskSboev the Skirmisher, a weakling DrBe of Trog (D:3)
  A hound skeleton (D:4)
  A mummy (D:6)
  5 gnolls
  79 river rats
  3 shadow imps
  17 adders
  3 oozes
  2 adder skeletons
  4 worms
  10 giant geckos
  154 orcs
  5 ball pythons
  14 bats
  8 giant cockroaches
  30 hobgoblins
  11 jackals
  47 kobolds
  6 quokkas
  5 giant newts
  26 goblins
  39 rats
  A butterfly (D:8)
  A crawling corpse (Vaults:4)
  A fungus (Lair:5)
  4 plants
  4 tentacles (Shoals:4)
2289 creatures vanquished.

Vanquished Creatures (collateral kills)
  A titan (Depths:3)
1 creature vanquished.

Vanquished Creatures (others)
  3 acid blobs
  A greater naga (Snake:4)
  An azure jelly (Vaults:5)
  5 great orbs of eyes
  2 fire giants
  A frost giant (Vaults:5)
  A stone giant (Depths:3)
  A mottled draconian (Depths:5)
  A yaktaur captain (Vaults:5)
  An ettin (Depths:4)
  An ogre mage (D:13)
  A hydra (Lair:6)
  A merfolk avatar (Shoals:4)
  A deep troll shaman (Depths:2)
  A tengu warrior (D:15)
  An orc high priest (Depths:4)
  A skeletal warrior (Vaults:1)
  4 giant orange brains
  An unseen horror (D:13)
  An iron troll (Depths:2)
  A wizard (Depths:4)
  2 orc knights
  A deep elf conjurer (Vaults:5)
  2 shining eyes
  A cyclops (Depths:4)
  A wolf spider (Lair:7)
  A water nymph (Shoals:4)
  A black mamba (Lair:7)
  2 naga magi
  A spiny frog (shapeshifter) (Depths:1)
  A spiny frog (Lair:7)
  5 yaktaurs
  An eye of devastation (Slime:5)
  2 fire drakes
  A merfolk (Shoals:4)
  A two-headed ogre (Volcano)
  16 slime creatures
  A deep elf mage (Vaults:1)
  A basilisk (Lair:6)
  A deep elf fighter (Vaults:5)
  A human (shapeshifter) (Vaults:4)
  A wolf (Depths:4)
  2 yaks
  A mottled dragon (D:13)
  A hungry ghost (D:10)
  3 nagas (Lair:6)
  A porcupine (Lair:6)
  A water moccasin (Lair:8)
  4 slaves
  2 orc warriors (Vaults:3)
  An eye of draining (D:13)
  3 boggarts (Depths:3)
  2 wasps
  5 ogres
  2 big kobolds
  3 centaurs (Depths:4)
  2 crocodiles
  5 giant frogs
  A crimson imp (D:13)
  3 orc wizards
  448 jellies
  An orc priest (D:10)
  A centaur skeleton (D:12)
  A quasit (Depths:3)
  2 worker ants
  2 iguanas
  2 sheep
  6 adders
  11 river rats
  A shadow imp (D:10)
  A giant gecko (D:10)
  24 orcs
  3 bats
  5 goblins
  11 kobolds
  A quokka zombie (D:9)
  205 eldritch tentacle segments (Vaults:1)
  A fire vortex (Vaults:3)
  43 fungi
  87 plants
  22 tentacles (Shoals:4)
  379 tentacle segments (Shoals:4)
1374 creatures vanquished.

Grand Total: 3664 creatures vanquished

Notes
Turn   | Place    | Note
--------------------------------------------------------------
     0 | D:1      | urechis the Troll Monk began the quest for the Orb.
     0 | D:1      | Reached XP level 1. HP: 22/22 MP: 0/0
   122 | D:1      | Reached XP level 2. HP: 26/29 MP: 1/1
   207 | D:1      | Reached XP level 3. HP: 32/36 MP: 2/2
   526 | D:2      | Found a radiant altar of Vehumet.
   577 | D:2      | Reached skill level 5 in Unarmed Combat
   693 | D:2      | Found a glowing silver altar of Zin.
   737 | D:2      | Reached XP level 4. HP: 45/45 MP: 3/3
  1309 | D:3      | Noticed PoiskSboev's ghost (weakling DrBe)
  1336 | D:3      | Killed PoiskSboev's ghost
  1402 | D:3      | Reached XP level 5. HP: 44/53 MP: 4/4
  1572 | D:3      | Found a shadowy altar of Dithmenos.
  1822 | D:4      | Noticed an ogre
  1832 | D:4      | Killed an ogre
  1832 | D:4      | Reached skill level 6 in Unarmed Combat
  1877 | D:4      | Found a sacrificial altar of Ru.
  1896 | D:4      | Reached XP level 6. HP: 59/62 MP: 5/5
  2092 | D:4      | Noticed a phantom
  2101 | D:4      | Killed a phantom
  2114 | D:4      | Found Eduet's Magic Scroll Boutique.
  2356 | D:4      | Noticed an ogre
  2363 | D:4      | Killed an ogre
  2363 | D:4      | Reached skill level 7 in Unarmed Combat
  2363 | D:4      | Reached XP level 7. HP: 64/70 MP: 6/6
  2393 | D:4      | Found a deep blue altar of Sif Muna.
  2393 | D:4      | Found a white marble altar of Elyvilon.
  2620 | D:5      | Entered Level 5 of the Dungeon
  2784 | D:5      | Found a blossoming altar of Fedhas.
  2825 | D:5      | Noticed Duvessa
  2825 | D:5      | Noticed Dowan
  2836 | D:5      | Killed Duvessa
  2836 | D:5      | Reached skill level 8 in Unarmed Combat
  2841 | D:5      | Killed Dowan
  3314 | D:6      | Reached skill level 5 in Fighting
  3419 | D:6      | Reached XP level 8. HP: 61/80 MP: 7/7
  3435 | D:6      | Reached skill level 9 in Unarmed Combat
  3704 | D:6      | Reached skill level 10 in Unarmed Combat
  3816 | D:6      | Found a glowing drain.
  3820 | Sewer    | Entered a sewer
  4105 | Sewer    | Reached XP level 9. HP: 89/89 MP: 8/8
  4723 | D:7      | Reached skill level 11 in Unarmed Combat
  5018 | D:7      | Found a shadowy altar of Dithmenos.
  5114 | D:7      | Found a staircase to the Ecumenical Temple.
  5121 | Temple   | Entered the Ecumenical Temple
  5617 | D:8      | Found a shattered altar of Ashenzari.
  5636 | D:8      | Found a shimmering altar of Xom.
  5664 | D:8      | Reached skill level 12 in Unarmed Combat
  5679 | D:8      | Found a staircase to the Lair.
  5838 | D:8      | Found a stormy altar of Qazlal.
  6129 | D:8      | Identified a scroll of acquirement
  6143 | Lair:1   | Entered Level 1 of the Lair of Beasts
  6159 | Lair:1   | Reached XP level 10. HP: 46/102 MP: 9/9
  6562 | Lair:2   | Reached skill level 13 in Unarmed Combat
  7004 | Lair:4   | Reached XP level 11. HP: 57/113 MP: 10/10
  7087 | Lair:4   | Noticed a griffon
  7143 | Lair:4   | Killed a griffon
  7143 | Lair:4   | Reached skill level 14 in Unarmed Combat
  7275 | Lair:6   | Noticed a six-headed hydra
  7388 | Lair:7   | Gained mutation: You tend to lose your temper in combat. [potion of mutation]
  7388 | Lair:7   | Gained mutation: You are dopey. (Int -2) [potion of mutation]
  7388 | Lair:7   | Gained mutation: Scrolls take you a little longer to read. [potion of mutation]
  7500 | Lair:7   | Found a runed door.
  7501 | Lair:7   | Found a viscous altar of Jiyva.
  7506 | Lair:7   | Found a staircase to the Slime Pits.
  7507 | Lair:7   | Noticed an acid blob
  7515 | Lair:7   | Became a worshipper of Jiyva Jielil the Shapeless
  7515 | Lair:7   | Acquired Jiyva's first power
  7515 | Lair:7   | Acquired Jiyva's second power
  7848 | Lair:1   | Gained mutation: You have a small jelly attached to you that senses nearby items. [Jiyva's grace]
  7868 | Lair:1   | Noticed a komodo dragon
  7881 | Lair:1   | Killed a komodo dragon
  7889 | Lair:1   | Acquired Jiyva's third power
  7906 | Lair:1   | Noticed a komodo dragon
  7927 | Lair:1   | Gained mutation: You are clumsy. (Dex -2) [Jiyva's grace]
  7945 | Lair:1   | Killed a komodo dragon
  8201 | Lair:1   | Noticed Urug
  8209 | Lair:1   | Killed Urug
  8505 | Lair:1   | Gained mutation: You are weak. (Str -2) [potion of mutation]
  8505 | Lair:1   | Gained mutation: You are very dopey. (Int -4) [potion of mutation]
  8506 | Lair:1   | Gained mutation: You are resistant to hostile enchantments. [potion of mutation]
  8506 | Lair:1   | Lost mutation: You have a small jelly attached to you that senses nearby items. [potion of mutation]
  8506 | Lair:1   | Gained mutation: You can spit weak poison. [potion of mutation]
  8507 | Lair:1   | Gained mutation: You are surrounded by a mild repulsion field (EV +2). [potion of mutation]
  8507 | Lair:1   | Lost mutation: You can spit weak poison. [potion of mutation]
  8507 | Lair:1   | Gained mutation: You possess an exceptional clarity of mind. [potion of mutation]
  8508 | Lair:1   | Gained mutation: You often lose your temper in combat. [potion of mutation]
  8568 | Lair:2   | Reached skill level 15 in Unarmed Combat
  8844 | Lair:2   | Gained mutation: Your body is partially covered in golden eyeballs (Acc +3). [Jiyva's grace]
  9247 | Lair:3   | Acquired Jiyva's fourth power
  9486 | Lair:3   | Lost mutation: You are clumsy. (Dex -2) [Jiyva's grace]
  9500 | Lair:3   | Reached skill level 10 in Fighting
  9581 | Lair:3   | Noticed a black mamba
  9584 | Lair:3   | Killed a black mamba
  9584 | Lair:3   | Reached XP level 12. HP: 102/126 MP: 11/11
  9667 | Lair:3   | Noticed an elephant
  9669 | Lair:3   | Noticed an elephant
  9670 | Lair:3   | Noticed an elephant
  9670 | Lair:3   | Noticed an elephant
  9670 | Lair:3   | Noticed an elephant
  9683 | Lair:3   | Killed an elephant
  9694 | Lair:3   | Killed an elephant
  9914 | Lair:3   | Killed an elephant
  9914 | Lair:3   | Reached skill level 5 in Dodging
  9921 | Lair:3   | Noticed an elephant
  9933 | Lair:3   | Killed an elephant
  9975 | Lair:3   | Killed an elephant
  9978 | Lair:3   | Killed an elephant
 10286 | Lair:3   | Lost mutation: You often lose your temper in combat. [Jiyva's power]
 10307 | Lair:4   | Noticed a black mamba
 10309 | Lair:4   | Got a scorched tin ring
 10319 | Lair:4   | Killed a black mamba
 10379 | Lair:4   | Identified the ring "Ofamexti" {rC- AC+3 Dex+5} (You found it on level 4 of the Lair of Beasts)
 10582 | Lair:4   | Gained mutation: You are partially covered in yellow scales (AC +2). [Jiyva's grace]
 11457 | Lair:5   | Lost mutation: You are weak. (Str -2) [Jiyva's grace]
 11593 | Lair:5   | Gained mutation: You have acidic saliva. [Jiyva's grace]
 12008 | Lair:6   | Slimified a six-headed hydra
 12008 | Lair:6   | Noticed an azure jelly
 12008 | Lair:6   | a six-headed hydra changed into an azure jelly
 12065 | Lair:6   | Noticed a catoblepas
 12072 | Lair:6   | Killed a catoblepas
 12280 | Lair:6   | Killed a six-headed hydra
 12293 | Lair:6   | Found a staircase to the Snake Pit.
 12527 | Lair:6   | Reached XP level 13. HP: 92/137 MP: 12/12
 12552 | Lair:6   | Noticed a six-headed hydra
 12556 | Lair:6   | Slimified a six-headed hydra
 12556 | Lair:6   | Noticed an acid blob
 12556 | Lair:6   | a six-headed hydra changed into an acid blob
 12579 | Lair:6   | Lost mutation: You are resistant to hostile enchantments. [Jiyva's grace]
 12580 | Lair:6   | Lost mutation: You tend to lose your temper in combat. [Jiyva's power]
 12628 | Lair:6   | Lost mutation: Scrolls take you a little longer to read. [Jiyva's power]
 12817 | Lair:6   | Found a staircase to the Shoals.
 13084 | Lair:7   | Gained mutation: You are robust (+10% HP). [Jiyva's grace]
 13309 | Lair:7   | Lost mutation: You possess an exceptional clarity of mind. [Jiyva's grace]
 13646 | Lair:7   | Noticed a lindwurm
 13661 | Lair:7   | Noticed a lindwurm
 13663 | Lair:7   | Noticed a lindwurm
 13666 | Lair:7   | Noticed a lindwurm
 13666 | Lair:7   | Killed a lindwurm
 13673 | Lair:7   | Killed a lindwurm
 13678 | Lair:7   | Killed a lindwurm
 13681 | Lair:7   | Killed a lindwurm
 13705 | Lair:7   | Gained mutation: You are agile. (Dex +2) [Jiyva's grace]
 13796 | Lair:8   | Entered Level 8 of the Lair of Beasts
 13801 | Lair:8   | Reached skill level 16 in Unarmed Combat
 14137 | Lair:8   | Gained mutation: You evolve. [Jiyva's grace]
 14160 | Lair:8   | Gained mutation: Your flesh is cold resistant. [Jiyva's grace]
 14335 | Slime:1  | Entered Level 1 of the Pits of Slime
 14350 | Slime:1  | Noticed an azure jelly
 14355 | Slime:1  | Noticed an azure jelly
 14381 | Slime:4  | Noticed an azure jelly
 14381 | Slime:4  | Noticed an azure jelly
 14396 | Slime:5  | Noticed an azure jelly
 14408 | Slime:5  | Noticed an acid blob
 14409 | Slime:6  | Entered Level 6 of the Pits of Slime
 14422 | Slime:6  | Noticed an acid blob
 14424 | Slime:6  | Noticed an acid blob
 14433 | Slime:6  | Found a viscous altar of Jiyva.
 14435 | Slime:6  | Noticed the royal jelly
 14440 | Slime:6  | Lost mutation: You are robust (+10% HP). [Jiyva's grace]
 14442 | Slime:6  | Noticed an acid blob
 14444 | Slime:6  | Noticed an acid blob
 14444 | Slime:6  | Noticed an acid blob
 14448 | Slime:6  | Lost mutation: You are very dopey. (Int -4) [Jiyva's grace]
 14456 | Slime:6  | Noticed an azure jelly
 14463 | Slime:6  | Gained mutation: You have large cloven feet. [Jiyva's grace]
 14468 | Slime:6  | Noticed an azure jelly
 14472 | Slime:6  | Noticed an acid blob
 14484 | Slime:6  | Noticed an acid blob
 14485 | Slime:6  | Got a slimy rune of Zot
 14663 | Slime:6  | Noticed an azure jelly
 14678 | Slime:5  | Noticed an acid blob
 14759 | Slime:5  | Killed an acid blob
 14779 | Slime:3  | Noticed an acid blob
 14787 | Slime:3  | Noticed an acid blob
 14794 | Slime:3  | Noticed an acid blob
 14811 | Slime:2  | Noticed an azure jelly
 14981 | Slime:1  | Noticed an azure jelly
 14989 | D:1      | Gained mutation: Your skin is partially translucent (Stealth, -foe acc). [Jiyva's grace]
 15360 | Lair:8   | Gained mutation: You have an increased reservoir of magic (+10% MP). [Jiyva's grace]
 15641 | Lair:8   | Reached XP level 14. HP: 122/150 MP: 10/14
 15734 | Lair:8   | Gained mutation: You can spit weak poison. [Jiyva's grace]
 16274 | Lair:2   | Gained mutation: You are resistant to hostile enchantments. [Jiyva's grace]
 16291 | Lair:2   | Gained mutation: Your muscles are strong. (Str +2) [evolution]
 16367 | D:9      | Noticed Grum
 16374 | D:9      | Killed Grum
 16447 | D:9      | Lost mutation: You evolve. [Jiyva's grace]
 16510 | D:9      | Found Baciug's Weapon Emporium.
 16523 | D:9      | Found an opulent altar of Gozag.
 16528 | D:9      | Found a basalt altar of Yredelemnul.
 16528 | D:9      | Found a glowing golden altar of the Shining One.
 16566 | D:9      | Gained mutation: You can translocate small distances at will. [Jiyva's grace]
 16836 | D:9      | Noticed Pikel
 16839 | D:9      | Killed Pikel
 16931 | D:10     | Entered Level 10 of the Dungeon
 17031 | D:10     | Lost mutation: You can spit weak poison. [Jiyva's grace]
 17059 | D:10     | Noticed Maud
 17067 | D:10     | Killed Maud
 17096 | D:10     | Reached skill level 1 in Armour
 17161 | D:10     | Lost mutation: You are agile. (Dex +2) [Jiyva's grace]
 17220 | D:10     | Gained mutation: You are somewhat resistant to further mutation. [Jiyva's grace]
 17510 | D:10     | Noticed Erolcha
 17514 | D:10     | Killed Erolcha
 17701 | D:10     | Noticed Harold
 17715 | D:10     | Killed Harold
 18123 | D:11     | Gained mutation: You can breathe flames. [Jiyva's grace]
 18217 | D:11     | Found Umucuile's Weapon Shop.
 18530 | D:11     | Lost mutation: You are somewhat resistant to further mutation. [Jiyva's grace]
 18609 | D:12     | Reached skill level 10 in Dodging
 18833 | D:12     | Found a staircase to the Orcish Mines.
 18898 | D:12     | Reached skill level 17 in Unarmed Combat
 18972 | D:12     | Lost mutation: Your skin is partially translucent (Stealth, -foe acc). [Jiyva's grace]
 19286 | D:13     | Lost mutation: You have acidic saliva. [Jiyva's grace]
 19513 | D:13     | Gained mutation: Armour fits poorly on your pseudopods. [Jiyva's grace]
 19569 | D:13     | Found a flagged portal.
 19575 | Bailey   | Entered a bailey
 19695 | Bailey   | Found a burning altar of Makhleb.
 19766 | Bailey   | Lost mutation: Armour fits poorly on your pseudopods. [Jiyva's grace]
 19900 | D:13     | Found a gate to the Vaults.
 19902 | D:13     | Gained mutation: You are robust (+10% HP). [Jiyva's grace]
 19962 | D:14     | Noticed an acid blob
 19962 | D:14     | a five-headed hydra changed into an acid blob
 20168 | D:14     | Lost mutation: You are resistant to hostile enchantments. [Jiyva's grace]
 20267 | D:14     | Gained mutation: Your body is mostly covered in golden eyeballs (Acc +5). [Jiyva's grace]
 20298 | D:14     | Noticed an angel
 20301 | D:14     | Found a glowing silver altar of Zin.
 20508 | D:15     | Entered Level 15 of the Dungeon
 20564 | D:15     | Noticed Josephine
 20580 | D:15     | Killed Josephine
 20643 | D:15     | Reached XP level 15. HP: 145/174 MP: 12/15
 21111 | D:15     | Gained mutation: Your muscles are very strong. (Str +4) [mutagenic meat]
 21161 | D:15     | Gained mutation: You have supernaturally acute eyesight. [Jiyva's grace]
 21235 | D:15     | Found a staircase to the Depths.
 21281 | D:15     | Noticed an acid blob
 21281 | D:15     | a six-headed hydra changed into an acid blob
 21293 | D:15     | Killed an acid blob
 21386 | D:15     | Lost mutation: You can breathe flames. [Jiyva's grace]
 21632 | D:15     | Reached skill level 5 in Armour
 21718 | D:15     | Lost mutation: You are robust (+10% HP). [mutagenic meat]
 21723 | D:15     | Lost mutation: You are dopey. (Int -2) [mutagenic meat]
 21725 | D:15     | Gained mutation: Your mind is acute. (Int +2) [mutagenic meat]
 21737 | D:15     | Gained mutation: You possess an exceptional clarity of mind. [Jiyva's grace]
 21897 | Orc:1    | Entered Level 1 of the Orcish Mines
 21901 | Orc:1    | Found a dark tunnel.
 21914 | Volcano  | Entered a volcano
 21921 | Volcano  | Gained mutation: Your flesh is very cold resistant. [potion of beneficial mutation]
 21922 | Volcano  | Gained mutation: Your flesh is heat resistant. [potion of beneficial mutation]
 22063 | Volcano  | Gained mutation: You can spit weak poison. [Jiyva's grace]
 22587 | Orc:1    | Lost mutation: You can translocate small distances at will. [Jiyva's grace]
 22999 | Orc:2    | Noticed Maurice
 23024 | Orc:2    | Paralysed by Maurice for 3 turns
 23039 | Orc:2    | Noticed Sonja
 23062 | Orc:2    | Killed Sonja
 23112 | Orc:2    | Found a roughly hewn altar of Beogh.
 23122 | Orc:2    | Noticed Fannar
 23139 | Orc:2    | Killed Fannar
 23451 | Orc:2    | Killed Maurice
 23663 | Orc:3    | Found Ydwoorhu's Assorted Antiques.
 23746 | Orc:3    | Gained mutation: You can spit poison. [Jiyva's grace]
 24002 | Orc:3    | Lost mutation: You have an increased reservoir of magic (+10% MP). [Jiyva's grace]
 24214 | Orc:3    | Gained mutation: Your mind is very acute. (Int +4) [Jiyva's grace]
 24259 | Orc:4    | Entered Level 4 of the Orcish Mines
 24626 | Orc:3    | Lost mutation: Your flesh is very cold resistant. [Jiyva's grace]
 24664 | Orc:4    | Found a staircase to the Elven Halls.
 24687 | Orc:4    | Lost mutation: Your mind is very acute. (Int +4) [Jiyva's grace]
 24793 | Orc:4    | Gained mutation: You are partially covered in large bone plates (AC +2, SH +2). [Jiyva's grace]
 24882 | Orc:4    | Noticed Azrael
 24895 | Orc:4    | Killed Azrael
 24909 | Orc:4    | Noticed Nessos
 24910 | Orc:4    | Found a roughly hewn altar of Beogh.
 24917 | Orc:4    | Killed Nessos
 25086 | Orc:4    | Lost mutation: Your flesh is cold resistant. [Jiyva's grace]
 25191 | Orc:4    | Lost mutation: Your body is mostly covered in golden eyeballs (Acc +5). [Jiyva's grace]
 25221 | Orc:4    | Found Biemniho's Antique Weapon Boutique.
 25228 | Orc:4    | Found Zajaagh's Magic Scroll Shop.
 25255 | Orc:4    | Found Extienit's Antique Armour Shop.
 25261 | Orc:4    | Found Jyklaovy's Food Boutique.
 25283 | Orc:4    | Gained mutation: You have acidic saliva. [Jiyva's grace]
 25326 | Orc:4    | Gained mutation: Your mind is very acute. (Int +4) [Jiyva's grace]
 25418 | Elf:1    | Entered Level 1 of the Elven Halls
 25526 | Elf:1    | Noticed Agnes
 25537 | Elf:1    | Killed Agnes
 25822 | Elf:1    | Lost mutation: Your body is partially covered in golden eyeballs (Acc +3). [Jiyva's grace]
 25876 | Elf:1    | Found an ancient bone altar of Kikubaaqudgha.
 25996 | Elf:1    | Reached skill level 18 in Unarmed Combat
 26124 | Elf:1    | Noticed Donald
 26137 | Elf:1    | Killed Donald
 26137 | Elf:1    | Reached XP level 16. HP: 160/171 MP: 13/15
 26166 | Elf:1    | Lost mutation: You can spit poison. [Jiyva's grace]
 26456 | Elf:1    | Gained mutation: You are agile. (Dex +2) [Jiyva's grace]
 26475 | Elf:2    | Found a deep blue altar of Sif Muna.
 26616 | Elf:2    | Found a huge runed gate.
 26616 | Elf:2    | Found a huge runed gate.
 26617 | Elf:2    | Found a huge runed gate.
 26618 | Elf:2    | Found a huge runed gate.
 26629 | Elf:2    | Found a huge runed gate.
 26738 | Elf:2    | Found Argheatua's Gadget Emporium.
 27028 | Elf:2    | Lost mutation: You possess an exceptional clarity of mind. [Jiyva's grace]
 27204 | Elf:2    | Lost mutation: You have acidic saliva. [Jiyva's grace]
 27220 | Elf:2    | Lost mutation: You can spit weak poison. [Jiyva's grace]
 27467 | D:10     | Noticed an acid blob
 27467 | D:10     | a six-headed hydra changed into an acid blob
 27623 | Snake:1  | Entered Level 1 of the Snake Pit
 27773 | Snake:1  | Lost mutation: Your muscles are very strong. (Str +4) [Jiyva's grace]
 27935 | Snake:1  | Reached skill level 1 in Throwing
 28202 | Snake:1  | Lost mutation: Your muscles are strong. (Str +2) [Jiyva's grace]
 28242 | Snake:1  | Noticed Frances
 28251 | Snake:1  | Killed Frances
 28703 | Snake:1  | Lost mutation: Your mind is very acute. (Int +4) [Jiyva's grace]
 28751 | Snake:2  | Found a shimmering altar of Xom.
 28862 | Snake:2  | Reached skill level 5 in Throwing
 28934 | Snake:2  | Noticed Jorgrun
 28956 | Snake:2  | Killed Jorgrun
 28972 | Snake:2  | Noticed Vashnia
 29004 | Snake:2  | Noticed Nikola
 29047 | Snake:2  | Killed Nikola
 29072 | Snake:2  | Noticed Aizul
 29096 | Snake:2  | Killed Aizul
 29213 | Snake:2  | Lost mutation: You are partially covered in large bone plates (AC +2, SH +2). [Jiyva's grace]
 29861 | Snake:3  | Reached XP level 17. HP: 180/180 MP: 16/16
 29931 | Snake:3  | Lost mutation: You have large cloven feet. [Jiyva's grace]
 29957 | Snake:3  | Gained mutation: You can spit weak poison. [Jiyva's grace]
 30260 | Snake:2  | Killed Vashnia
 30649 | Snake:2  | Found a shimmering altar of Xom.
 30795 | Snake:2  | Gained mutation: You are very agile. (Dex +4) [Jiyva's grace]
 31073 | Snake:3  | Gained mutation: You regenerate. [Jiyva's grace]
 31149 | Snake:4  | Entered Level 4 of the Snake Pit
 31370 | Snake:4  | Noticed Yermak's ghost (powerful FeSu)
 31379 | Snake:4  | Killed Yermak's ghost
 31379 | Snake:4  | Reached skill level 10 in Throwing
 32125 | Snake:4  | Lost mutation: Your flesh is heat resistant. [Jiyva's grace]
 32153 | Snake:4  | Gained mutation: Your spells are a little harder to cast, but a little more powerful. [Jiyva's grace]
 32206 | Snake:4  | Gained mutation: You have acidic saliva. [Jiyva's grace]
 32347 | Snake:4  | Lost mutation: You are very agile. (Dex +4) [Jiyva's grace]
 32562 | Snake:4  | Gained mutation: Armour fits poorly on your pseudopods. [Jiyva's grace]
 32834 | Snake:4  | Gained mutation: Your mind is very acute. (Int +4) [Jiyva's grace]
 33003 | Snake:4  | Reached XP level 18. HP: 185/189 MP: 15/17
 33167 | Snake:4  | Lost mutation: You are agile. (Dex +2) [Jiyva's grace]
 33170 | Snake:4  | Got a serpentine rune of Zot
 33297 | Snake:4  | Gained mutation: You possess an exceptional clarity of mind. [Jiyva's grace]
 33830 | Depths:1 | Entered Level 1 of the Depths
 33834 | Depths:1 | Found a one-way gate to the infinite horrors of the Abyss.
 34112 | Depths:1 | Gained mutation: You have an increased reservoir of magic (+10% MP). [Jiyva's grace]
 34124 | Depths:1 | Lost mutation: You have acidic saliva. [Jiyva's grace]
 34194 | Depths:1 | Found a gateway to a ziggurat.
 34347 | Depths:1 | Gained mutation: Potions and wands are less effective at restoring your health. [mutagenic meat]
 34348 | Depths:1 | Gained mutation: You are clumsy. (Dex -2) [mutagenic meat]
 34350 | Depths:1 | Lost mutation: You are clumsy. (Dex -2) [Jiyva's power]
 34450 | Depths:1 | Lost mutation: Potions and wands are less effective at restoring your health. [Jiyva's power]
 34629 | Depths:1 | Found a gateway to Hell.
 34949 | Depths:1 | Gained mutation: Your muscles are strong. (Str +2) [mutagenic meat]
 35148 | Depths:2 | Reached skill level 15 in Throwing
 35251 | Depths:1 | Gained mutation: Your system is resistant to poisons. [Jiyva's grace]
 35673 | Depths:2 | Lost mutation: Your mind is very acute. (Int +4) [Jiyva's grace]
 35758 | Depths:2 | Lost mutation: You have an increased reservoir of magic (+10% MP). [Jiyva's grace]
 36324 | Depths:2 | Noticed Jory
 36365 | Depths:2 | Killed Jory
 36610 | Depths:2 | Got a flickering glass ring
 36627 | Depths:2 | Identified the ring of the Peculiar Souls {Wiz Str+3 Dex+6 Stlth+} (You took it off a vampire knight on level 2 of the Depths)
 36652 | Depths:2 | Reached XP level 19. HP: 145/198 MP: 10/18
 36708 | Depths:2 | Got a brightly glowing ivory ring
 36710 | Depths:2 | Identified the ring of Kanatsud {Ice rElec Dex+3} (You took it off a vampire knight on level 2 of the Depths)
 37171 | Depths:3 | Reached skill level 19 in Unarmed Combat
 37179 | Depths:3 | Lost mutation: Your muscles are strong. (Str +2) [mutagenic meat]
 37181 | Depths:3 | Gained mutation: Your magical capacity is low (-10% MP). [mutagenic meat]
 37184 | Depths:3 | Gained mutation: You are clumsy. (Dex -2) [mutagenic meat]
 37227 | Depths:3 | Gained mutation: You passively map a small area around you. [Jiyva's grace]
 37282 | Depths:3 | Reached skill level 15 in Fighting
 37317 | Depths:3 | Gained mutation: Your flesh is cold resistant. [Jiyva's grace]
 37477 | Depths:3 | Lost mutation: Armour fits poorly on your pseudopods. [mutagenic meat]
 37478 | Depths:3 | Lost mutation: You have supernaturally acute eyesight. [mutagenic meat]
 37482 | Depths:3 | Gained mutation: You can translocate small distances at will. [mutagenic meat]
 37486 | Depths:3 | Lost mutation: Your mind is acute. (Int +2) [mutagenic meat]
 37488 | Depths:3 | Lost mutation: Your magical capacity is low (-10% MP). [Jiyva's power]
 37489 | Depths:3 | Lost mutation: You are clumsy. (Dex -2) [Jiyva's power]
 38115 | Depths:3 | Found a one-way gate leading to the halls of Pandemonium.
 38125 | Depths:3 | Gained mutation: You have a pair of small antennae on your head. [Jiyva's grace]
 38494 | Depths:4 | Gained mutation: Your rubbery body absorbs attacks (AC +1). [Jiyva's grace]
 38702 | Depths:3 | Noticed a golden dragon
 38708 | Depths:3 | Killed a golden dragon
 38947 | Depths:4 | Lost mutation: You are surrounded by a mild repulsion field (EV +2). [Jiyva's grace]
 38976 | Depths:4 | Lost mutation: You have a pair of small antennae on your head. [Jiyva's grace]
 39167 | Depths:4 | Gained mutation: You are partially covered in icy blue scales (AC +1). [Jiyva's grace]
 39317 | Depths:3 | Lost mutation: Your rubbery body absorbs attacks (AC +1). [Jiyva's grace]
 39435 | Depths:4 | Was placed under penance by Jiyva
 39883 | D:12     | Was forgiven by Jiyva
 40247 | Depths:2 | Lost mutation: You possess an exceptional clarity of mind. [Jiyva's grace]
 40410 | Depths:4 | Noticed a golden dragon
 40415 | Depths:4 | Killed a golden dragon
 40553 | Depths:4 | Gained mutation: You have very sharp teeth. [Jiyva's grace]
 40576 | Depths:4 | Reached XP level 20. HP: 207/211 MP: 19/19
 40593 | Depths:4 | Found a deep blue altar of Sif Muna.
 40967 | Depths:4 | Got a clouded graven amulet
 40969 | Depths:4 | Identified the amulet "Ciuvic" {Ward rPois rN+ MR- Int+2} (You took it off a vampire mage on level 4 of the Depths)
 41650 | Depths:4 | Gained mutation: Your skin is partially translucent (Stealth, -foe acc). [Jiyva's grace]
 41667 | Depths:4 | Gained mutation: You are partially covered in thin metallic scales (AC +2). [Jiyva's grace]
 41698 | Depths:4 | Gained mutation: You passively map the area around you. [Jiyva's grace]
 41789 | Depths:4 | Lost mutation: You can spit weak poison. [Jiyva's grace]
 41824 | Depths:4 | Gained mutation: Your muscles are strong. (Str +2) [Jiyva's grace]
 41825 | Depths:4 | Found The Legendary Hukadal's Legendary Smithy.
 41843 | Depths:4 | Found Emetho's Slaves and Accessories.
 41881 | Depths:4 | Gained mutation: Armour fits poorly on your pseudopods. [Jiyva's grace]
 41896 | Depths:4 | Found Jack's Jerk-a-riffic Jerky.
 42067 | Depths:4 | Found Jopp's Miraculous Elixirs.
 42162 | Depths:4 | Lost mutation: Your flesh is cold resistant. [Jiyva's grace]
 42417 | Depths:4 | Gained mutation: You have an increased reservoir of magic (+10% MP). [Jiyva's grace]
 42633 | Depths:4 | Lost mutation: You regenerate. [Jiyva's grace]
 42676 | Depths:4 | Reached skill level 10 in Armour
 43193 | Shoals:1 | Entered Level 1 of the Shoals
 43468 | Shoals:1 | Gained mutation: You are good at translocating small distances at will. [Jiyva's grace]
 43479 | Shoals:1 | Gained mutation: Your rubbery body absorbs attacks (AC +1). [Jiyva's grace]
 43497 | Shoals:1 | Lost mutation: Your skin is partially translucent (Stealth, -foe acc). [Jiyva's grace]
 43800 | Shoals:1 | Reached skill level 20 in Unarmed Combat
 43971 | Shoals:2 | Lost mutation: Your spells are a little harder to cast, but a little more powerful. [potion of mutation]
 44503 | D:4      | Bought a scroll of enchant armour for 105 gold pieces
 44964 | Shoals:3 | Noticed Ilsuiw
 45005 | Shoals:3 | Killed Ilsuiw
 45092 | Shoals:3 | Lost mutation: You have an increased reservoir of magic (+10% MP). [Jiyva's grace]
 45136 | Shoals:3 | Lost mutation: Your muscles are strong. (Str +2) [Jiyva's grace]
 45334 | Shoals:3 | Gained mutation: You have a small jelly attached to you that senses nearby items. [Jiyva's grace]
 45398 | Shoals:3 | AFK
 45572 | Shoals:3 | Reached skill level 15 in Dodging
 45664 | Shoals:4 | Entered Level 4 of the Shoals
 45672 | Shoals:4 | Reached skill level 1 in Shields
 45807 | Shoals:4 | Reached XP level 21. HP: 130/222 MP: 10/20
 45951 | Shoals:4 | Gained mutation: You possess an exceptional clarity of mind. [Jiyva's grace]
 46177 | Shoals:4 | Lost mutation: Your rubbery body absorbs attacks (AC +1). [Jiyva's grace]
 46347 | Shoals:4 | Gained mutation: You have acidic saliva. [Jiyva's grace]
 46421 | Shoals:4 | Reached skill level 5 in Shields
 46479 | Shoals:4 | Lost mutation: You have acidic saliva. [Jiyva's grace]
 46497 | Shoals:4 | Lost mutation: You are partially covered in icy blue scales (AC +1). [Jiyva's grace]
 46577 | Shoals:4 | Gained mutation: Your flesh is cold resistant. [Jiyva's grace]
 46637 | Shoals:4 | fk
 46637 | Shoals:4 | AFK
 46713 | Shoals:4 | Got a barnacled rune of Zot
 47045 | Shoals:4 | Lost mutation: Your flesh is cold resistant. [Jiyva's grace]
 47281 | D:9      | Lost mutation: Your system is resistant to poisons. [Jiyva's grace]
 47492 | Vaults:1 | Entered Level 1 of the Vaults
 48108 | Vaults:1 | Gained mutation: Your skin is partially translucent (Stealth, -foe acc). [Jiyva's grace]
 48153 | Vaults:1 | Lost mutation: You are partially covered in yellow scales (AC +2). [Jiyva's grace]
 48279 | Vaults:1 | Gained mutation: You are resistant to hostile enchantments. [Jiyva's grace]
 48346 | Vaults:1 | Lost mutation: You are resistant to hostile enchantments. [Jiyva's grace]
 48493 | Vaults:1 | Lost mutation: You possess an exceptional clarity of mind. [Jiyva's grace]
 48511 | Vaults:1 | Gained mutation: Your spells are a little harder to cast, but a little more powerful. [Jiyva's grace]
 48681 | Vaults:1 | Gained mutation: You have sharp toenails. [Jiyva's grace]
 48950 | Vaults:1 | Gained mutation: You are partially covered in rough black scales (AC +4, Dex -1). [potion of mutation]
 48950 | Vaults:1 | Gained mutation: You possess an exceptional clarity of mind. [potion of mutation]
 48951 | Vaults:1 | Lost mutation: You have a small jelly attached to you that senses nearby items. [potion of mutation]
 48970 | Vaults:1 | Lost mutation: You are good at translocating small distances at will. [Jiyva's grace]
 48985 | Vaults:1 | Gained mutation: Your skin is mostly translucent (Stealth, -foe acc). [Jiyva's grace]
 49238 | Vaults:2 | Gained mutation: You are resistant to electric shocks. [Jiyva's grace]
 49352 | Vaults:2 | Lost mutation: Your spells are a little harder to cast, but a little more powerful. [Jiyva's grace]
 49393 | Vaults:2 | Lost mutation: Armour fits poorly on your pseudopods. [Jiyva's grace]
 49462 | Vaults:2 | Lost mutation: You have sharp toenails. [Jiyva's grace]
 49679 | Vaults:2 | Noticed Wiglaf
 49689 | Vaults:2 | Killed Wiglaf
 49890 | Vaults:2 | Noticed Boris
 49891 | Vaults:2 | Found a staircase to the Crypt.
 49911 | Vaults:2 | Killed Boris
 49913 | Vaults:2 | Reached XP level 22. HP: 212/230 MP: 19/21
 49915 | Vaults:2 | AFK
 49998 | Vaults:2 | Lost mutation: You are partially covered in thin metallic scales (AC +2). [Jiyva's grace]
 50376 | Vaults:2 | Gained mutation: Your skin is entirely transparent (Stealth, -foe acc). [Jiyva's grace]
 50730 | Vaults:3 | Gained mutation: You are robust (+10% HP). [Jiyva's grace]
 50742 | Vaults:3 | Lost mutation: You possess an exceptional clarity of mind. [Jiyva's grace]
 50764 | Vaults:3 | Gained mutation: Your muscles are strong. (Str +2) [Jiyva's grace]
 51019 | Vaults:3 | Gained mutation: Your spells are a little harder to cast, but a little more powerful. [Jiyva's grace]
 51241 | Vaults:3 | Gained mutation: You possess an exceptional clarity of mind. [Jiyva's grace]
 51418 | Vaults:3 | Lost mutation: Your skin is entirely transparent (Stealth, -foe acc). [mutagenic meat]
 51471 | Vaults:3 | Lost mutation: You are robust (+10% HP). [Jiyva's grace]
 51884 | Vaults:4 | Gained mutation: You are partially covered in yellow scales (AC +2). [Jiyva's grace]
 51894 | Vaults:4 | Gained mutation: Your spells are harder to cast, but more powerful. [Jiyva's grace]
 51917 | Vaults:4 | Lost mutation: You possess an exceptional clarity of mind. [Jiyva's grace]
 52293 | Vaults:4 | Lost mutation: Your skin is mostly translucent (Stealth, -foe acc). [Jiyva's grace]
 52301 | Vaults:4 | Lost mutation: Your skin is partially translucent (Stealth, -foe acc). [Jiyva's grace]
 52441 | Vaults:4 | Gained mutation: Your skin is partially translucent (Stealth, -foe acc). [Jiyva's grace]
 52549 | Vaults:4 | Gained mutation: Armour fits poorly on your pseudopods. [Jiyva's grace]
 53044 | Depths:4 | Gained mutation: You have acidic saliva. [Jiyva's grace]
 53053 | Depths:5 | Entered Level 5 of the Depths
 53053 | Depths:5 | Found a corrupted altar of Lugonu.
 53053 | Depths:5 | Noticed Margery
 53107 | Depths:4 | Reached skill level 15 in Armour
 53226 | Depths:5 | Killed Margery
 53563 | Depths:4 | Lost mutation: Armour fits poorly on your pseudopods. [Jiyva's grace]
 53591 | Depths:5 | Reached XP level 23. HP: 235/238 MP: 22/22
 53728 | Depths:5 | Lost mutation: You have acidic saliva. [Jiyva's grace]
 53798 | Depths:5 | Gained mutation: Armour fits poorly on your pseudopods. [Jiyva's grace]
 53801 | Depths:5 | Gained mutation: Your system is resistant to poisons. [Jiyva's grace]
 53809 | Depths:5 | Found a gate to the Realm of Zot.
 53823 | Depths:5 | Gained mutation: You have a small jelly attached to you that may absorb incoming projectiles. [Jiyva's grace]
 53881 | Depths:5 | Gained mutation: Armour fits poorly on your large pseudopods. [Jiyva's grace]
 54207 | Depths:2 | Lost mutation: You have a small jelly attached to you that may absorb incoming projectiles. [Jiyva's grace]
 54675 | Vaults:5 | Entered Level 5 of the Vaults
 54798 | Vaults:4 | Gained mutation: Your body is partially covered in golden eyeballs (Acc +3). [Jiyva's grace]
 54850 | Vaults:4 | Lost mutation: Your muscles are strong. (Str +2) [Jiyva's grace]
 55098 | Vaults:4 | Lost mutation: Your body is partially covered in golden eyeballs (Acc +3). [Jiyva's grace]
 55107 | Vaults:4 | Gained mutation: Your skin is mostly translucent (Stealth, -foe acc). [Jiyva's grace]
 55112 | Vaults:4 | Lost mutation: Your spells are harder to cast, but more powerful. [Jiyva's grace]
 55154 | Vaults:4 | Lost mutation: You are partially covered in yellow scales (AC +2). [Jiyva's grace]
 55571 | Vaults:5 | HP: 11/241 [vault warden/great mace (26)]
 55571 | Vaults:5 | Demolished by a stone giant

Vault maps used:
D:1:      lightli_arrival_chessboard, minmay_vboxes
D:2:      minmay_door_path, nicolae_overflow_crystal_walls,
          nicolae_overflow_hidden_temple
D:3:      grunt_dithmenos_smoke, moated_statue, grunt_ministairs_2,
          minmay_misc_feat_cross, minmay_rat_hole
D:4:      gammafunk_temple_overflow_elements,
          nicolae_ru_great_annihilating_truth, serial_shops, shop
D:5:      old_standard_altar, first_bread, due_unseen_surprise, uniq_duvessa
D:6:      gup_sewer_entry_spiral, gup_ossuary_entry_pyramid,
          serial_bayou_crossing
D:7:      minmay_temple_entry_mist, basic_altar
D:8:      xom_butterflies, lemuel_doored_altar,
          nicolae_qazlal_style_of_elements, lair_0_dummy
D:9:      grunt_temple_overflow_open, serial_shops, shop, uniq_grum, uniq_pikel
D:10:     grunt_pizzeria, grunt_ministairs_1, uniq_harold, uniq_maud,
          uniq_erolcha
D:11:     serial_shops, shop_fountains
D:12:     david_orc_4
D:13:     david_vaults_5, enter_bailey_3
D:14:     zin_angel
D:15:     grunt_enter_depths_hoard, roderic_lattice_octagonal_star,
          uniq_josephine
Temple:   circular_temple_6
Lair:1:   uniq_urug
Lair:2:   grunt_megastairs_3, lemuel_fruit_fields, infiniplex_staircase_pool
Lair:3:   beast_lair_carwin_large_2, hibernation_bobbens, lemuel_fruit_tree,
          grunt_megastairs_2
Lair:5:   columned_hall_lemuel, disabler_island
Lair:6:   elwin_shoals_entry_rooms, minmay_snake_entry_guardpost_small,
          minivault_26, grunt_megastairs_1, serial_bayou_shore_b
Lair:7:   minmay_lair_venomous_thicket, slime_altar_2, minmay_lindwurm_lava
Lair:8:   minmay_lair_end_frog_pond
Shoals:3: uniq_ilsuiw
Shoals:4: shoals_end_hangedman, shoals_ilsuiw_alternative
Snake:1:  uniq_frances
Snake:2:  basic_altar, uniq_vashnia, uniq_aizul, uniq_nikola, uniq_jorgrun
Snake:3:  spider_trap, hangedman_snake_thin_pillar_pass, abandoned_shop
Snake:4:  grunt_snake_rune_pools, serial_bayou_lagoon_b
Slime:3:  cheibrodos_slime_lost_civilization_1, nicolae_slime_round_cave
Orc:1:    nicolae_volcano_entry_lava_flow, nicolae_orc_bridge_out
Orc:2:    basic_altar, uniq_maurice, uniq_fannar, uniq_sonja
Orc:3:    serial_shops, shop_coins, nicolae_orc_pool_cavern
Orc:4:    st_orc_mages, basic_altar, uniq_azrael, uniq_nessos
Elf:1:    basic_altar, kennysheep_underground_church, uniq_agnes, uniq_donald
Elf:2:    serial_shops, shop, basic_altar, minivault_11
Vaults:1: v_misc_29, ontoclasm_vaults_eye, nicolae_vaults_hallways_thing,
          v_misc_12, grunt_vaults_diagonal, hangedman_vaults_corner,
          nicolae_vaults_little_ls, vaults_dpeg_spiral, v_misc_13, v_misc_11,
          ontoclasm_vaults_chip, vaults_mumra_chevron_long,
          serial_hangedman_research, hangedman_research_toxicology,
          hangedman_research_geology, hangedman_research_quantum
Vaults:2: nicolae_vaults_big_ls, st_lines, hangedman_vaults_impose,
          nicolae_vaults_little_squares_6, minmay_crypt_entry_simple_box,
          v_misc_2, hangedman_vaults_stream, hangedman_vaults_stagger,
          nicolae_vaults_little_squares_5, vaults_dpeg_doors,
          ontoclasm_vaults_loading_screen, nicolae_vaults_angled_halls,
          uniq_boris, uniq_wiglaf
Vaults:3: vaults_dpeg_hooks, v_misc_26, vaults_room_boxed, v_misc_25,
          nicolae_vaults_little_squares_6, v_misc_22, v_rooms_5,
          dpeg_vaults_monster_box, nicolae_vaults_minivaults,
          hangedman_vaults_trim, v_misc_18, nicolae_vaults_little_squares_1,
          nicolae_vaults_little_squares_6
Vaults:4: nicolae_vaults_three_branches, vaults_room_corners,
          nicolae_vaults_big_angled_halls, vaults_room_glass_cross, v_pattern_5,
          vaults_mumra_minichess_inversion, v_misc_24, nicolae_vaults_alarming,
          hangedman_vaults_restitches, vaults_mumra_chevron,
          ontoclasm_vaults_loading_screen, v_misc_16
Vaults:5: uniq_mara
Depths:1: enter_ziggurat_c, serial_sigils_hangedman_quiver, abyss_entry_crystal,
          pf_coc_iceberg, lemuel_jelly_drop
Depths:2: due_jory_tower, hell_entry, mu_enter_wizlab_4,
          infiniplex_staircase_spiral
Depths:3: wad_lake_hut, roderic_malta_cross, rand_demon_pan_entry_5,
          grunt_hell_entry_dis_mu, serial_sigils_hangedman_gnaw
Depths:4: grated_community_mu, abyss_entry, kennysheep_nondescript, hell_entry,
          grunt_decor_fettered, hangedman_summoners_spam
Depths:5: evilmike_zot_entry_diamond, abyss_entry_flame_altar,
          minmay_misc_feat_doors, hell_entry, uniq_margery
Sewer:    sewer_co_15_rooms
Bailey:   bailey_axe_3, bailey
Volcano:  volcano_village

Action                   |  1- 3 |  4- 6 |  7- 9 | 10-12 | 13-15 | 16-18 | 19-21 | 22-24 || total
-------------------------+-------+-------+-------+-------+-------+-------+-------+-------++-------
Melee: Unarmed           |   120 |   199 |   421 |   622 |  1716 |  1416 |  2079 |  1069 ||  7642
Throw: Tomahawk          |       |     6 |     5 |     4 |    14 |       |       |       ||    29
       Large rock        |       |       |       |     4 |     1 |    73 |   273 |   135 ||   486
       Throwing net      |       |       |       |     1 |       |       |       |       ||     1
Invok: Request Jelly     |       |       |       |     1 |     6 |     6 |    13 |     5 ||    31
       Cure Bad Mutation |       |       |       |     1 |     2 |     3 |     2 |       ||     8
       Slimify           |       |       |       |     1 |     4 |     1 |     3 |     3 ||    12
       Jelly Paralyse    |       |       |       |       |     7 |       |       |       ||     7
Evoke: Wand              |       |       |       |       |       |     6 |    12 |     4 ||    22
  Use: Scroll            |       |       |    15 |     4 |    13 |     9 |    11 |     2 ||    54
       Potion            |       |       |     2 |     8 |     5 |    17 |     4 |     1 ||    37
 Stab: Sleeping          |     3 |     4 |     5 |     3 |    15 |    13 |     2 |       ||    45
       Paralysed         |       |     1 |       |       |       |       |       |       ||     1
       Distracted        |       |       |     1 |       |    11 |     2 |     2 |     2 ||    18
       Confused          |       |       |       |     4 |    39 |       |       |     2 ||    45
  Eat: Chunk             |     6 |    18 |    40 |    46 |    41 |    28 |    43 |     3 ||   225
       Fruit             |       |       |       |       |     5 |     3 |     1 |       ||     9
